 Dungeon Crawl Stone Soup version 0.24.0-13-gcf9b319 (webtiles) character file.

Game seed: 6466575337233618063, levelgen mode: deterministic

1380 Bronimir the Poker (level 8, -11/58 HPs)
             Began as a Demonspawn Gladiator on Apr 5, 2020.
             Was an Initiate of Okawaru.
             Mangled by an orc warrior
             ... wielding a +0 long sword
              (20 damage)
             ... in the Ecumenical Temple on Apr 6, 2020.
             The game lasted 00:15:44 (6046 turns).

Bronimir the Poker (Demonspawn Gladiator)           Turns: 6046, Time: 00:15:44

Health: -11/58     AC:  8    Str: 24    XL:     8   Next: 39%
Magic:  8/8        EV: 12    Int:  9    God:    Okawaru [......]
Gold:   71         SH:  0    Dex: 14    Spells: 0/7 levels left

rFire    . . .     SeeInvis .   x - +1 spear "Jodgh" {freeze, rN+ Str+3 Dex-2} (curse)
rCold    + . .     Gourm    .   (no shield)
rNeg     + . .     Faith    .   w - +0 scale mail
rPois    .         Spirit   .   (helmet restricted)
rElec    .         Reflect  .   u - scarf {repulsion}
rCorr    .         Harm     .   (no gloves)
MR       .....                  j - +0 pair of boots
Stlth    ..........             (no amulet)
HPRegen  0.19/turn              (no ring)
MPRegen  0.11/turn              (no ring)

@: mighty, very slightly contaminated, repel missiles
A: horns 1, cold resistance 1, powered by death 2, freezing cloud immunity
a: Renounce Religion


You were in the Ecumenical Temple.
You worshipped Okawaru.
Okawaru was noncommittal.
You were not hungry.

You visited 2 branches of the dungeon, and saw 7 of its levels.

You collected 295 gold pieces.
You spent 224 gold pieces at shops.

Inventory:

Hand Weapons
 a - a +1 trident
 b - a +0 shortbow
 n - a +2 whip of flaming
 r - a +0 hunting sling
 x - the cursed +1 spear "Jodgh" (weapon) {freeze, rN+ Str+3 Dex-2}
   (You bought it in a shop on level 5 of the Dungeon)

   It has been specially enchanted to freeze those struck by it, causing extra
   injury to most foes and up to half again as much damage against particularly
   susceptible opponents.
   It can also slow down cold-blooded creatures.
   It affects your strength (+3).
   It affects your dexterity (-2).
   It protects you from negative energy.
   It has a curse placed upon it.
Missiles
 d - 3 throwing nets (quivered)
 g - 52 bolts
 m - 47 arrows
 o - 109 stones
 q - 11 poisoned darts
Armour
 j - a +0 pair of boots (worn)
 u - a scarf of repulsion (worn)
 w - a +0 scale mail (worn)
Jewellery
 i - an uncursed ring of positive energy {unknown}
 t - an uncursed ring of protection from cold {unknown}
Wands
 p - a wand of digging (4)
Scrolls
 e - a scroll of immolation
 k - 2 scrolls of noise
 s - a scroll of amnesia
 v - 2 scrolls of identify
 y - 2 scrolls of remove curse
Potions
 h - a potion of haste
 l - 2 potions of mutation {unknown}
 z - a potion of agility {unknown}
 A - a potion of brilliance {unknown}
Comestibles
 f - 7 rations


   Skills:
 + Level 3.4 Fighting
 * Level 6.8 Polearms
 + Level 1.2(1.7) Slings
 * Level 0.8 Bows
 + Level 1.7(2.0) Throwing
 * Level 4.7 Armour
 + Level 4.5 Dodging
 * Level 0.2 Earth Magic


You couldn't memorise any spells.
You knew the following spells:

 Your Spells              Type           Power        Failure   Level  Hunger
a - Sandblast             Erth           #.....       65%         1    ##.....
b - Passwall              Tmut/Erth      #.......     80%         2    ###....
c - Petrify               Tmut/Erth      #.......     100%        4    #####..

Your spell library contained the following spells:

 Spells                   Type           Power        Failure   Level  Hunger
 Stone Arrow              Conj/Erth      #.....       95%         3    ####...
 Lee's Rapid Deconstruct  Erth           #.........   100%        5    ######.


Dungeon Overview and Level Annotations

Branches:
Dungeon (6/15)             Temple (1/1) D:6

Altars:
Cheibriados
Elyvilon
Fedhas
Gozag
Kikubaaqudgha
Makhleb
Nemelex Xobeh
Okawaru
Qazlal
Wu Jian
Xom
Zin
The Shining One

Shops:
D:5 ([(:


Innate Abilities, Weirdness & Mutations

You have a pair of small horns on your head.
Your flesh is cold resistant. (rC+)
You regenerate health from kills.
You are immune to freezing clouds.


Message History

The orc wizard gestures wildly while chanting.
The orc wizard flickers and vanishes!
Deactivating autopickup; reactivate with Ctrl-A.
There is a staircase to the Ecumenical Temple here.
The orc warrior barely misses you.
You climb downwards.
Welcome back to the Ecumenical Temple!
Reactivating autopickup.
There is a staircase back to the Dungeon here.
It was a potion of might.
You feel very mighty all of a sudden.
Okay, then.
You hit the orc warrior. You freeze the orc warrior.
The orc warrior is almost dead.
The orc warrior hits you with a +0 long sword!
* * * LOW HITPOINT WARNING * * *
You hit the orc warrior. You freeze the orc warrior.
You headbutt the orc warrior.
The orc warrior is almost dead.
The orc warrior hits you with a +0 long sword!!
You die...

.#.#...#.........#...#.#
..#...#...#..#.#..#...#.
#....#....#........#....
##8.#..._...#..._...#..#
#....#........#....#.
.#...#..#.#..#...#.
#.#...#.........#.
...#...#..._...#.
.....#.@o#.....#..
.._...#...#...#..#
.......#...#.#..#
#..#.#. #...#..# #. ....
#....## . #..._ #.8##
..#.. ...# #.. #..


You could see an orc warrior.

Vanquished Creatures
  Pikel (D:4)
  A sky beast (D:6)
  2 slaves
  An ogre (D:4)
  A centaur (D:5)
  A howler monkey (D:5)
  A crimson imp (D:5)
  3 hounds
  3 orc priests
  An iguana (D:5)
  Jessica (D:3)
  An orc wizard (D:6)
  5 worker ants
  A hound skeleton (D:6)
  10 adders
  A shadow imp (D:5)
  An ooze (D:6)
  2 adder skeletons
  2 dart slugs
  4 worms
  2 leopard geckos
  9 orcs
  2 giant cockroaches
  5 goblins
  8 hobgoblins
  2 jackals (D:4)
  8 kobolds
  3 quokkas
  2 ball pythons (D:3)
  6 bats
  3 frilled lizards
  A leopard gecko skeleton (D:4)
  13 rats
107 creatures vanquished.

Notes
Turn   | Place    | Note
-------+----------+-------------------------------------------
     0 | D:1      | Bronimir the Demonspawn Gladiator began the quest for the
                  | Orb.
     0 | D:1      | Reached XP level 1. HP: 16/16 MP: 1/1
   102 | D:1      | Gained mutation: You regenerate a little health from kills.
                  | [demonic ancestry]
   102 | D:1      | Reached XP level 2. HP: 15/22 MP: 2/2
   329 | D:1      | Reached skill level 3 in Polearms
   663 | D:1      | Reached XP level 3. HP: 27/27 MP: 3/3
  1245 | D:3      | Reached skill level 1 in Armour
  1367 | D:3      | Noticed Jessica
  1370 | D:3      | Killed Jessica
  1370 | D:3      | Gained mutation: You have a pair of small horns on your
                  | head. [demonic ancestry]
  1370 | D:3      | Reached XP level 4. HP: 33/33 MP: 4/4
  1642 | D:3      | Reached skill level 4 in Polearms
  2101 | D:3      | Found an opulent altar of Gozag.
  2132 | D:3      | Reached XP level 5. HP: 38/38 MP: 5/5
  2788 | D:4      | Noticed an ogre
  2910 | D:4      | Killed an ogre
  2910 | D:4      | Gained mutation: Your flesh is cold resistant. (rC+)
                  | [demonic ancestry]
  2910 | D:4      | Reached XP level 6. HP: 46/46 MP: 6/6
  2946 | D:4      | Reached skill level 5 in Polearms
  3240 | D:4      | Noticed a slave
  3242 | D:4      | Noticed a slave
  3242 | D:4      | Noticed Pikel
  3242 | D:4      | Noticed a slave
  3817 | D:4      | Noticed a slave
  3884 | D:3      | Killed a slave
  3917 | D:4      | Killed a slave
  4052 | D:4      | Killed Pikel
  4052 | D:4      | Gained mutation: You regenerate health from kills. [demonic
                  | ancestry]
  4052 | D:4      | Reached XP level 7. HP: 8/52 MP: 7/7
  4509 | D:4      | Reached skill level 6 in Polearms
  4611 | D:5      | Entered Level 5 of the Dungeon
  4617 | D:5      | Reached skill level 1 in Slings
  4685 | D:5      | Found an ornate altar of the Wu Jian Council.
  4796 | D:5      | Found a shimmering altar of Xom.
  4806 | D:5      | Gained mutation: You are immune to freezing clouds.
                  | [demonic ancestry]
  4806 | D:5      | Reached XP level 8. HP: 34/58 MP: 8/8
  5324 | D:5      | Found Soocsan's Antique Weapon Emporium.
  5388 | D:5      | Found Xekejuwn's Armour Emporium.
  5529 | D:5      | Found Feikkuch's Antique Weapon Emporium.
  5532 | D:5      | Bought an ebony spear for 224 gold pieces
  5532 | D:5      | Identified the cursed +1 spear "Jodgh" {freeze, rN+ Str+3
                  | Dex-2} (You bought it in a shop on level 5 of the Dungeon)
  5542 | D:5      | Found Reabliwk's Book Boutique.
  5734 | D:6      | Found a staircase to the Ecumenical Temple.
  5755 | D:6      | Learned a level 1 spell: Sandblast
  5758 | D:6      | Learned a level 2 spell: Passwall
  5763 | D:6      | Learned a level 4 spell: Petrify
  5782 | Temple   | Entered the Ecumenical Temple
  5827 | Temple   | Became a worshipper of Warmaster Okawaru
  6046 | Temple   | Mangled by an orc warrior

Levels and vault maps discovered:
D:1:      saegor_arrival_simple_d, layout_basic
D:2:      layout_basic, first_ration, minmay_splitting_lines,
          uniq_crazy_yiuf_cottage
D:3:      layout_loops_ring, grunt_gozag_statues, uniq_jessica
D:4:      layout_basic, uniq_pikel
D:5:      layout_basic, grunt_temple_overflow_open, serial_shops, shop, shop,
          nicolae_shop_behind_doors, shop
D:6:      layout_loops_corners, overflow_temple_1_default,
          minmay_temple_entry_offerings
Temple:   eino_temple_rhombus

Skill      XL: |  1  2  3  4  5  6  7 |
---------------+----------------------+-----
Dodging        | 3 4 |  4.5
Polearms       | 3 4 5 6 |  6.8
Armour         | 1 2 3 4 |  4.7
Fighting       | 3 |  3.4
Slings         | 1 |  1.2
Bows           | |  0.8
Throwing       | |  1.7
Earth Magic    | |  0.2

Action                   |  1- 3 |  4- 6 |  7- 9 || total
-------------------------+-------+-------+-------++-------
Melee: Trident           |   105 |   229 |    63 ||   397
       Headbutt          |       |    30 |    29 ||    59
       Spear             |       |       |    60 ||    60
 Fire: Hunting sling     |       |     8 |     4 ||    12
       Shortbow          |       |       |    18 ||    18
  Use: Potion            |       |     5 |     1 ||     6
       Scroll            |       |     6 |       ||     6
 Stab: Sleeping          |     1 |       |       ||     1
  Eat: Chunk             |     2 |     5 |     6 ||    13
       Ration            |       |     1 |       ||     1
Armor: Leather armour    |    10 |       |       ||    10
       Ring mail         |     6 |    25 |       ||    31
       Scale mail        |       |    47 |    39 ||    86
Dodge: Dodged            |    54 |   151 |    56 ||   261
       Deflected         |       |       |     1 ||     1
